 Dungeon Crawl Stone Soup version 0.32-a0-576-g706899e69d (webtiles) character file.

Game seed: 17242297077587185737

2192 jasper the Cleaver (level 9, -4/112 HPs)
             Began as a Mountain Dwarf Fighter on Mar 1, 2024.
             Was an Elder of Fedhas.
             Slain by a spriggan
             ... wielding a +0 trident
              (12 damage)
             ... in a bailey.
             The game lasted 00:16:47 (6879 turns).

jasper the Cleaver (Mountain Dwarf Fighter)         Turns: 6879, Time: 00:16:47

Health: -4/112     AC: 12    Str: 23    XL:     9   Next: 12%
Magic:  14/14      EV:  6    Int:  9    God:    Fedhas [****..]
Gold:   154        SH:  4    Dex:  9    Spells: 8/8 levels left

rFire   + . .        a - +1 war axe (venom)
rCold   + . .        c - +0 buckler
rNeg    . . .        g - +0 plate armour
rPois   .            (no helmet)
rElec   .            (no cloak)
rCorr   .            (no gloves)
SInv    .            (no boots)
Will    .....        (no amulet) Stlth
                     f - ring of protection from fire
HPRegen 0.38/turn    y - ring of protection from cold
MPRegen 0.14/turn

%: no passive effects
@: berserking, very quick
A: runic magic, artefact enchanting
a: Renounce Religion, Wall of Briars, Grow Ballistomycete, Overgrow


You were in a bailey.
You worshipped Fedhas.
Fedhas was greatly pleased with you.
You visited 1 branch of the dungeon, and saw 7 of its levels.
You also visited: Bailey.

You collected 286 gold pieces.
You spent 132 gold pieces at shops.

Inventory:

Hand Weapons
 a - a +1 war axe of venom (weapon)
 d - a +0 spear
 l - a +0 flail
 p - a +0 war axe
Missiles
 i - 36 stones
 m - 13 boomerangs (quivered)
Armour
 b - a +0 scale mail
 c - a +0 buckler (worn)
 g - a +0 plate armour (worn)
 v - the +2 hat of the Bear Spirit {Spirit, Bear, *Rage Will++}
   (You acquired it on level 5 of the Dungeon)

   Bear:      Going berserk makes the wearer exceptionally tough, and they are
   slowed for a shorter time afterward.
   Will++:    It greatly increases your willpower.
   *Rage:     It berserks you when you make melee attacks (+20% chance).
Jewellery
 f - a ring of protection from fire (left hand)
 n - a ring of protection from fire
 y - a ring of protection from cold (right hand)
Talismans
 z - the beast talisman "Aqezoago" {Fly Int+8 Dex+4}
   (You found it on level 6 of the Dungeon)

   [beast talisman]

   Int+8:     It affects your intelligence (+8).
   Dex+4:     It affects your dexterity (+4).
   Fly:       It grants you flight.
Wands
 s - a wand of polymorph (3)
Scrolls
 h - a scroll of enchant weapon
 r - a scroll of poison
 u - a scroll of noise
 w - a scroll of teleportation
 x - a scroll of identify
 B - a scroll of amnesia
Potions
 e - a potion of attraction
 k - 2 potions of lignification
 q - 2 potions of magic {unknown}
 t - a potion of curing
 A - 5 potions of degeneration
 C - a potion of cancellation {unknown}


   Skills:
 - Level 6.0 Fighting
 + Level 10.5 Axes
 - Level 6.0 Armour
 - Level 3.2 Shields
 - Level 7.1 Invocations


You had 8 spell levels left.
You didn't know any spells.
Your spell library contained the following spells:

 Spells                   Type           Power      Damage    Failure   Level
 Freeze                   Ice            0%         1d3       69%         1
 Sandblast                Erth           0%         2d4       69%         1
 Summon Small Mammal      Summ           0%         N/A       69%         1
 Call Canine Familiar     Summ           0%         N/A       96%         3
 Frozen Ramparts          Ice            0%         1d1       96%         3
 Hailstorm                Conj/Ice       0%         3d5       96%         3
 Passwall                 Erth           0%         N/A       96%         3
 Stone Arrow              Conj/Erth      0%         3d7       96%         3
 Brom's Barrelling Bould  Conj/Erth      0%         2d3       100%        4
 Summon Blazeheart Golem  Fire/Summ      0%         N/A       100%        4
 Alistair's Intoxication  Alch           0%         N/A       100%        5
 Borgnjor's Vile Clutch   Necr/Erth      0%         N/A       100%        5
 Eringya's Noxious Bog    Alch           0%         4d6       100%        6


Dungeon Overview and Level Annotations

Branches:
Dungeon (7/15)             Temple (0/1) D:7          Bailey (1/1)

Altars:
Ashenzari
Cheibriados
Dithmenos
Fedhas
Gozag
Hepliaklqana
Kikubaaqudgha
Nemelex Xobeh
Okawaru
Uskayaw
Vehumet
Wu Jian
Zin
Beogh

Shops:
D:4 *

Annotations:
D:4 3 runed translucent doors, 2 transporters, cforsyth's ghost, amateur MDNe


Innate Abilities, Weirdness & Mutations

Your spellcasting is much less encumbered by armour.
You can use scrolls of enchantment on lesser artefacts.


Message History

The spriggan hits you with a +0 trident!
A spriggan comes into view. It is wielding a +0 trident.
You take 10 damage, and have 45/75 hp.
You miss the spriggan.
The spriggan hits you with a +0 trident!
You take 8 damage, and have 37/75 hp.
You closely miss the spriggan.
The spriggan hits you but does no damage.
The spriggan hits you from afar with a +0 trident!
You take 14 damage, and have 24/75 hp.
Aiming: Grow Ballistomycete (10% risk of failure)
Press: ? - help, Dir - move target You fail to use your ability.
The spriggan hits you from afar with a +0 trident.
* * * LOW HITPOINT WARNING * * *
You block the ogre's attack.
You take 4 damage, and have 20/75 hp.
The spriggan attacks as it pursues you!
The spriggan hits you but does no damage.
The spriggan hits you from afar with a +0 trident!
* * * LOW HITPOINT WARNING * * *
Things that are here:
a +0 halberd; an ogre corpse You take 9 damage, and have 11/75 hp.
Aiming: Grow Ballistomycete (10% risk of failure)
Press: ? - help, Dir - move target, f - spriggan
Aim: a spriggan, wielding a +0 trident
Okay, then.
It was a potion of curing.
You feel better.
The ogre hits you from afar with a +0 halberd!
* * * LOW HITPOINT WARNING * * *
The spriggan barely misses you.
You take 6 damage, and have 5/75 hp.
Okay, then.
Okay, then.
A red film seems to cover your vision as you go berserk!
You feel yourself moving faster!
You feel mighty!
The spriggan hits you from afar with a +0 trident!
You die...
Fedhas appreciates your contribution to the ecosystem.

# .# .## ..##
#..# #i.#
♣iO# #..#
#@.# #..#
#♣..# ♣♣..##
.# ♣#..##
..###♣###..##
#.........##
#.......##
##~~~~~##


You could see an ogre and 2 spriggans.

Vanquished Creatures
  A black bear (D:5)
  2 ogres (Bailey)
  A centaur (D:7)
  A phantom (D:5)
  A bullfrog (D:6)
  4 scorpions
  4 wights (D:6)
  6 killer bees (D:7)
  A howler monkey (D:6)
  3 jellies
  3 gnoll boudas
  4 hounds
  3 orc priests (D:5)
  Jessica (D:2)
  2 iguanas (D:5)
  7 orc wizards
  6 adders
  15 gnolls
  A white imp (D:6)
  2 ufetubi (D:6)
  2 ribbon worms (D:4)
  35 orcs
  5 endoplasms
  2 giant cockroaches
  7 goblins
  6 hobgoblins
  5 jackals
  3 kobolds
  2 quokkas
  7 ball pythons
  4 frilled lizards
  7 rats
153 creatures vanquished.

Notes
Turn   | Place    | Note
-------+----------+-------------------------------------------
     0 | D:1      | jasper the Mountain Dwarf Fighter began the quest for the
                  | Orb.
     0 | D:1      | Reached XP level 1. HP: 19/19 MP: 1/1
    91 | D:1      | Reached skill level 3 in Axes
   237 | D:1      | Reached XP level 2. HP: 26/26 MP: 2/2
   476 | D:1      | Reached skill level 4 in Axes
   810 | D:2      | Found a blossoming altar of Fedhas.
   821 | D:2      | Became a worshipper of Fedhas Madash
   853 | D:2      | Reached XP level 3. HP: 25/31 MP: 3/3
  1086 | D:2      | Noticed Jessica
  1103 | D:2      | Killed Jessica
  1104 | D:2      | Reached skill level 5 in Axes
  1303 | D:3      | Found an iron altar of Okawaru.
  1370 | D:3      | Reached XP level 4. HP: 33/38 MP: 4/4
  2534 | D:4      | Reached * piety under Fedhas
  2595 | D:4      | Found a runed translucent gate.
  2595 | D:4      | Noticed cforsyth's ghost (amateur MDNe)
  2596 | D:4      | Found a runed translucent gate.
  2597 | D:4      | Found a runed translucent gate.
  2783 | D:4      | Noticed a scorpion
  2789 | D:4      | Killed a scorpion
  2790 | D:4      | Reached skill level 6 in Axes
  2790 | D:4      | Reached XP level 5. HP: 45/45 MP: 5/5
  2858 | D:4      | Found Nauq's Elemental Accessories.
  2866 | D:4      | Bought a wand of iceblast (5) for 132 gold pieces
  2925 | D:4      | Found a transporter.
  2972 | D:4      | Found a transporter.
  3101 | D:4      | Reached skill level 7 in Axes
  3412 | D:4      | Found a roughly hewn altar of Beogh.
  3434 | D:5      | Entered Level 5 of the Dungeon
  3535 | D:5      | Reached XP level 6. HP: 45/51 MP: 6/6
  3558 | D:5      | Reached skill level 8 in Axes
  3894 | D:5      | Reached ** piety under Fedhas
  3969 | D:5      | Reached skill level 9 in Axes
  4016 | D:5      | Reached XP level 7. HP: 40/57 MP: 7/7
  4260 | D:5      | Found an ancient bone altar of Kikubaaqudgha.
  4260 | D:5      | Found a hazy altar of Hepliaklqana.
  4260 | D:5      | Found a radiant altar of Vehumet.
  4261 | D:5      | Found an ornate altar of the Wu Jian Council.
  4261 | D:5      | Found a blossoming altar of Fedhas.
  4262 | D:5      | Found a snail-covered altar of Cheibriados.
  4263 | D:5      | Found a shadowy altar of Dithmenos.
  4386 | D:5      | Reached skill level 10 in Axes
  4437 | D:5      | Found a broken altar of Ashenzari.
  4441 | D:5      | Saw a vision of the Shoals and the Snake Pit.
  4441 | D:5      | Noticed a wind drake
  4441 | D:5      | Noticed a black mamba
  4441 | D:5      | Noticed a black mamba
  4441 | D:5      | Noticed a skyshark
  4441 | D:5      | Noticed a manticore
  4441 | D:5      | Noticed a water nymph
  4441 | D:5      | Noticed a black mamba
  4441 | D:5      | Noticed a water elemental
  4441 | D:5      | Noticed a black mamba
  4441 | D:5      | Noticed a merfolk impaler
  4441 | D:5      | Noticed an anaconda
  4441 | D:5      | Noticed a manticore
  4441 | D:5      | Noticed a skyshark
  4442 | D:5      | Noticed an anaconda
  4442 | D:5      | Noticed a skyshark
  4528 | D:5      | Reached skill level 1 in Invocations
  5037 | D:5      | Identified a scroll of acquirement
  5037 | D:5      | Acquired the +2 hat of the Bear Spirit {Spirit, Bear, *Rage
                  | Will++}
  5037 | D:5      | Found the +2 hat of the Bear Spirit {Spirit, Bear, *Rage
                  | Will++}
  5367 | D:6      | Reached XP level 8. HP: 67/67 MP: 10/10
  5619 | D:6      | Reached *** piety under Fedhas
  5625 | D:6      | Reached skill level 5 in Fighting
  5625 | D:6      | Reached skill level 5 in Armour
  5942 | D:6      | Identified the beast talisman "Aqezoago" {Fly Int+8 Dex+4}
  5965 | D:6      | Reached skill level 5 in Invocations
  6067 | D:6      | Found a hide-covered altar of Uskayaw.
  6304 | D:6      | Found a glowing silver altar of Zin.
  6428 | D:6      | Found an opulent altar of Gozag.
  6429 | D:6      | Found a sparkling altar of Nemelex Xobeh.
  6664 | D:7      | Reached XP level 9. HP: 27/75 MP: 14/14
  6775 | D:7      | Found a flagged portal.
  6788 | Bailey   | Entered a bailey
  6867 | Bailey   | Reached **** piety under Fedhas
  6879 | Bailey   | Slain by a spriggan

Illustrated notes

Levels and vault maps discovered:
D:1:      lightli_arrival_windingriver, layout_loops_ring, nrook_campfire
D:2:      layout_rooms, basic_altar, uniq_jessica
D:3:      layout_loops_corners, okawaru_metal_pillars_1_2
D:4:      gammafunk_steamed_eel, layout_basic, biasface_ghost_orc_armoury,
          chequers_serial_rivers_room_b, minmay_liquid_box, kennysheep_doodads,
          nicolae_elemental_shop, minmay_misc_feat_doors,
          minmay_fractal_squares_gapless_5
D:5:      layout_loops_corners, minitemple, grunt_ashenzari_visionary
          [grunt_ashenzari_visionary_shoals, grunt_ashenzari_visionary_snake]
D:6:      layout_basic, grunt_temple_overflow_opulence,
          eat_drink_and_be_merry_uskayaw, mainiacjoe_overflow_alcove_2
D:7:      layout_rooms, minmay_temple_entry_sparse_star, enter_bailey_7
Bailey:   bailey_polearm_enchanted_keep_hellmonk, bailey

Skill      XL: |  1  2  3  4  5  6  7  8 |
---------------+-------------------------+-----
Axes           | 3 4 5 6 7 9 10 | 10.5
Invocations    | 3 7 |  7.1
Fighting       | 4 6 |  6.0
Armour         | 4 6 |  6.0
Shields        | |  3.2

Action                     |  1- 3 |  4- 6 |  7- 9 || total
---------------------------+-------+-------+-------++-------
  Melee: War axe           |    92 |   162 |   213 ||   467
  Throw: Boomerang         |     4 |     9 |     8 ||    21
  Evoke: Wand              |       |     3 |     2 ||     5
    Use: Scroll            |     6 |     7 |     3 ||    16
         Potion            |       |     1 |     4 ||     5
 Armour: Scale mail        |    28 |       |       ||    28
         Plate armour      |    39 |   120 |   175 ||   334
  Dodge: Dodged            |    36 |    27 |    48 ||   111
  Block: Buckler           |    21 |    30 |    37 ||    88

Table legend: (Time is in decaauts)
 A = Elapsed time spent in this place.
 B = Non-inter-level travel time spent in this place.
 C = Inter-level travel time spent in this place.
 D = Time resting spent in this place.
 E = Time spent auto-exploring this place.
 F = Levels seen in this place.
 G = Mean time per level.
                   A        B        C        D        E       F      G
               +--------+--------+--------+--------+--------+-----+--------+
         Total |   6964 |   6448 |    516 |   1003 |   2605 |   8 |  870.5 |
       Dungeon |   6872 |   6356 |    516 |    959 |   2587 |   7 |  981.7 |
        Bailey |     92 |     92 |      0 |     44 |     17 |   1 |   92.0 |
               +--------+--------+--------+--------+--------+-----+--------+

Top non-repeatable levels by time:
     D:5: 1651 daAuts
     D:6: 1421 daAuts
     D:3: 1114 daAuts
     D:4: 1090 daAuts
     D:1: 753 daAuts
     D:2: 617 daAuts
     D:7: 222 daAuts
  Bailey: 92 daAuts
